 Dungeon Crawl Stone Soup version 0.27.1-1-g398f81649c (webtiles) character file.

Game seed: 7276080262056564199

20 Woods the Grasshopper (level 2, -2/26 HPs)
             Began as a Gnoll Warper on Sept 18, 2021.
             Slain by an iguana (10 damage)
             ... on level 2 of the Dungeon.
             The game lasted 00:01:43 (710 turns).

Woods the Grasshopper (Gnoll Warper)                 Turns: 710, Time: 00:01:44

Health: -2/26      AC:  3    Str: 10    XL:     2   Next: 79%
Magic:  7/7        EV: 12    Int: 12    God:
Gold:   32         SH:  0    Dex: 11    Spells: 8/10 levels left

rFire    . . .     SeeInvis .   a - +0 mace
rCold    . . .     Faith    .   (no shield)
rNeg     . . .     Spirit   .   b - +0 leather armour
rPois    .         Reflect  .   (no helmet)
rElec    .         Harm     .   (no cloak)
rCorr    .         Rampage  .   (no gloves)
Will     .....                  (no boots)
Stlth    +.........             (no amulet)
HPRegen  0.08/turn              (no ring)
MPRegen  0.10/turn              (no ring)

@: no status effects
A: fangs 1, strong nose, distributed training
a: no special abilities


You were on level 2 of the Dungeon.
You visited 1 branch of the dungeon, and saw 2 of its levels.

You collected 32 gold pieces.

Inventory:

Hand Weapons
 a - a +0 mace (weapon)
Missiles
 d - 5 boomerangs of dispersal
 e - 65 stones (quivered)
 g - 5 boomerangs
Armour
 b - a +0 leather armour (worn)
 i - a +0 chain mail
Scrolls
 c - a scroll of blinking
 h - a scroll of enchant weapon {unknown}
Potions
 f - a potion of haste {unknown}
 j - a potion of curing {unknown}


   Skills:
 + Level 4.5 Fighting
 + Level 0.5 Short Blades
 + Level 0.5 Long Blades
 + Level 0.5 Axes
 + Level 4.5 Maces & Flails
 + Level 0.5 Polearms
 + Level 0.5 Staves
 + Level 0.5 Slings
 + Level 0.5 Bows
 + Level 0.5 Crossbows
 + Level 2.5 Throwing
 + Level 2.5 Armour
 + Level 4.5 Dodging
 + Level 0.5 Stealth
 + Level 0.5 Shields
 + Level 0.5 Unarmed Combat
 + Level 4.9 Spellcasting
 + Level 0.3 Conjurations
 + Level 0.3 Hexes
 + Level 0.3 Summonings
 + Level 0.3 Necromancy
 + Level 5.3 Translocations
 + Level 0.3 Transmutations
 + Level 0.3 Fire Magic
 + Level 0.3 Ice Magic
 + Level 0.3 Air Magic
 + Level 0.3 Earth Magic
 + Level 0.3 Poison Magic
 + Level 0.6 Invocations
 + Level 0.5 Evocations


You had 8 spell levels left.
You knew the following spells:

 Your Spells              Type           Power      Damage    Failure   Level
a - Blink                 Tloc           N/A        N/A       4%          2

Your spell library contained the following spells:

 Spells                   Type           Power      Damage    Failure   Level
 Gell's Gravitas          Tloc           7%         N/A       9%          3
 Lesser Beckoning         Tloc           7%         N/A       9%          3
 Teleport Other           Tloc           15%        N/A       9%          3
 Manifold Assault         Tloc           15%        N/A       63%         5


Dungeon Overview and Level Annotations

Branches:
Dungeon (2/15)

Altars:


Innate Abilities, Weirdness & Mutations

You have very sharp teeth.
Your uncanny sense of smell can sniff out nearby items.
Your experience applies equally to all skills.


Message History

You hit the bat but do no damage. The bat hits you but does no damage.
The bat barely misses you.
You sock the bat!
You kill the bat!
Found an amethyst potion.
j - an amethyst potion A dart slug comes into view.
A dart slug is nearby!
An iguana and a worm come into view.
Found 9 gold pieces.
You sock the dart slug!
The dart slug is severely wounded.
The dart slug closely misses you.
You hit the dart slug.
You kill the dart slug!
A frilled lizard comes into view.
The frilled lizard hisses angrily.
You see here a dart slug corpse.
The worm barely misses you.
You hit the worm.
The worm is moderately wounded.
The frilled lizard barely misses you. The frilled lizard bites you.
You closely miss the frilled lizard. You hit the iguana.
The iguana is lightly wounded.
You hit the iguana but do no damage.
The iguana is lightly wounded.
The iguana bites you.
You hit the iguana but do no damage. You bite the iguana, but do no damage.
The iguana is lightly wounded.
The iguana bites you.
You closely miss the iguana.
The iguana is lightly wounded.
The iguana closely misses you. The iguana bites you!
Ouch! That really hurt!
You hit the iguana but do no damage. You bite the iguana, but do no damage.
The iguana is lightly wounded.
The iguana bites you!
You die...

#.#### #........#
#.######.#
#....#....#
.........#
#.##.#....# #
.###.....# #.
#.###### .
####.######.. #.# #.
###........# #.##
##.......####
#...###..#.###...##
#.........wl@....# .
#.........l###.#.#
..##..............#
#
.......†............
$#..............####
....#..........##
...............#
....#..........#
...............#


You could see a worm, an iguana and a frilled lizard.

Vanquished Creatures
  3 dart slugs
  3 ball pythons (D:1)
  2 bats
  3 endoplasms
  A quokka (D:1)
  A frilled lizard (D:1)
  A rat (D:1)
14 creatures vanquished.

Notes
Turn   | Place    | Note
-------+----------+-------------------------------------------
     0 | D:1      | Woods the Gnoll Warper began the quest for the Orb.
     0 | D:1      | Reached XP level 1. HP: 20/20 MP: 6/6
   109 | D:1      | Found a faded altar of an unknown god.
   212 | D:1      | Reached XP level 2. HP: 22/26 MP: 7/7
   275 | D:1      | Learned a level 2 spell: Blink
   710 | D:2      | Slain by an iguana

Illustrated notes

Levels and vault maps discovered:
D:1:      erik_arrival_orb_chamber, layout_rooms,
          hellmonk_ecumenical_altar_arch_garden
D:2:      layout_rooms, basic_altar

Action                   || total
-------------------------++-------
Melee: Mace              ||    50
       Bite              ||     4
Throw: Stone             ||     1
Armor: Leather armour    ||    15
Dodge: Dodged            ||    34
